 Dungeon Crawl Stone Soup version 0.29-a0-119-g4040846114 (webtiles) character file.

Game seed: 4461664283221367230

37 Sweetruy1997 the Caller (level 3, -7/24 HPs)
             Began as a Merfolk Summoner on Feb 20, 2022.
             Mangled by a phantom (8 damage)
             ... on level 2 of the Dungeon.
             The game lasted 00:03:56 (1335 turns).

Sweetruy1997 the Caller (Merfolk Summoner)          Turns: 1335, Time: 00:03:56

Health: -7/24      AC:  8    Str:  8    XL:     3   Next: 39%
Magic:  5/6        EV: 13    Int: 16    God:
Gold:   38         SH:  0    Dex: 14    Spells: 0/6 levels left

rFire   . . .      SeeInvis .   g - +0 dagger
rCold   . . .      Faith    .   (no shield)
rNeg    . . .      Spirit   .   a - +0 robe
rPois   .          Reflect  .   (no helmet)
rElec   .          Harm     .   (no cloak)
rCorr   .          Rampage  .   (no gloves)
Will    .....                   b - +1 pair of boots
Stlth   ++........              (no amulet)
HPRegen 0.08/turn               c - +4 ring of protection
MPRegen 0.10/turn               (no ring)

@: no status effects
A: (nimble swimmer 2), mertail
a: no special abilities


You were on level 2 of the Dungeon.
You visited 1 branch of the dungeon, and saw 2 of its levels.

You collected 38 gold pieces.

Inventory:

Hand Weapons
 g - a +0 dagger (weapon)
Armour
 a - a +0 robe (worn)
 b - a +1 pair of boots (worn)
Jewellery
 c - a +4 ring of protection (left hand)
Scrolls
 d - a scroll of enchant armour {unknown}
 e - a scroll of fog {unknown}
 f - a scroll of vulnerability {unknown}
 i - a scroll of holy word {unknown}
 j - a scroll of identify {unknown}


   Skills:
 + Level 3.0 Dodging
 + Level 2.6 Stealth
 + Level 2.1 Spellcasting
 + Level 4.7 Summonings


You couldn't memorise any spells.
You knew the following spells:

 Your Spells              Type           Power      Damage    Failure   Level
a - Summon Small Mammal   Summ           64%        N/A       3%          1
b - Call Imp              Summ           16%        N/A       4%          2
c - Call Canine Familiar  Summ           16%        N/A       9%          3

Your spell library contained the following spells:

 Spells                   Type           Power      Damage    Failure   Level
 Summon Guardian Golem    Hex/Summ       9%         N/A       24%         3
 Ozocubu's Armour         Ice            1%         N/A       52%         3
 Summon Lightning Spire   Summ/Air       9%         N/A       61%         4
 Ozocubu's Refrigeration  Ice            0%         4d5       100%        7


Dungeon Overview and Level Annotations

Branches:
Dungeon (2/15)

Altars:


Innate Abilities, Weirdness & Mutations

((You are very nimble when in or above water. (Stealth+, EV+, Speed+++)))
Your lower body shifts to a powerful aquatic tail in water.


Message History

Casting: Call Canine Familiar (quite dangerous; 9% risk of failure)
Confirm with . or Enter, or press ? or * to list all spells.
A beastly little devil appears in a puff of frigid air.
The phantom hits you.
* * * LOW HITPOINT WARNING * * *
You hit the phantom but do no damage.
The phantom is severely damaged.
The phantom hits you but does no damage.
Your white imp closely misses the phantom.
You hit the phantom but do no damage.
The phantom is severely damaged.
The phantom misses you.
Your white imp closely misses the phantom.
You hit the phantom but do no damage.
The phantom is severely damaged.
The phantom hits you but does no damage.
Your white imp misses the phantom.
You hit the phantom but do no damage.
The phantom is severely damaged.
The phantom hits you.
* * * LOW HITPOINT WARNING * * *
The phantom blinks!
You blink.
Your white imp hits the phantom but does no damage.
You hit the phantom but do no damage.
The phantom is severely damaged.
The phantom closely misses you.
Your white imp closely misses the phantom.
You barely miss the phantom.
The phantom is severely damaged.
The phantom closely misses you.
Your white imp closely misses the phantom.
You hit the phantom but do no damage.
The phantom is severely damaged.
The phantom misses you.
Your white imp gestures at the phantom.
The puff of frost hits the phantom.
The phantom resists.
You hit the phantom.
The phantom is almost destroyed.
The phantom hits you!
You die...

######## #......#
#####.####.#
#...#.####.#
#.......##.############
#...#.#....W@.#.......#
#^###..####5##.#.#####.#
## #........##......##.#
#.#.##########.##.##.#
###.# ##...[...# ..#
#......### #### #.###..#
.#....# #.#....#


You could see a phantom (ally target) and a friendly white imp (summoned).

Vanquished Creatures
  A bat (D:1)
  An endoplasm (D:1)
  A frilled lizard (D:1)
3 creatures vanquished.

Vanquished Creatures (collateral kills)
  2 dart slugs (D:1)
  3 ball pythons (D:1)
  2 bats (D:1)
  6 endoplasms (D:1)
  A giant cockroach (D:1)
  2 goblins (D:1)
  3 hobgoblins (D:1)
  2 frilled lizards (D:1)
  4 kobolds
  2 rats (D:1)
27 creatures vanquished.

Grand Total: 30 creatures vanquished

Notes
Turn   | Place    | Note
-------+----------+-------------------------------------------
     0 | D:1      | Sweetruy1997 the Merfolk Summoner began the quest for the
                  | Orb.
     0 | D:1      | Reached XP level 1. HP: 13/13 MP: 3/3
   259 | D:1      | Found a faded altar of an unknown god.
   318 | D:1      | Reached XP level 2. HP: 19/19 MP: 3/5
   321 | D:1      | Learned a level 2 spell: Call Imp
   805 | D:1      | Reached XP level 3. HP: 23/24 MP: 3/6
   914 | D:1      | Learned a level 3 spell: Call Canine Familiar
  1254 | D:2      | Noticed a phantom
  1305 | D:2      | HP: 1/24 [phantom (3)]
  1331 | D:2      | HP: 1/24 [phantom (3)]
  1335 | D:2      | Mangled by a phantom

Illustrated notes

Levels and vault maps discovered:
D:1:      psy_arrival_fountain, layout_basic,
          ebering_ecumenical_altar_abandoned, minmay_small_reverse_x
D:2:      layout_loops_cross

Skill      XL: |  1  2  3 |
---------------+----------+-----
Dodging        | 3 |  3.0
Stealth        | |  2.6
Spellcasting   | |  2.1
Summonings     | |  4.7

Action                   || total
-------------------------++-------
Melee: Unarmed           ||    37
       Punch             ||     2
       Dagger            ||    74
 Cast: Summon Small Mamm ||    12
       Call Imp          ||    14
       Call Canine Famil ||     1
  Use: Potion            ||     1
 Stab: Distracted        ||     1
Armor: Robe              ||    45
Dodge: Dodged            ||    77

Table legend: (Time is in decaauts)
 A = Elapsed time spent in this place.
 B = Non-inter-level travel time spent in this place.
 C = Inter-level travel time spent in this place.
 D = Time resting spent in this place.
 E = Time spent auto-exploring this place.
 F = Levels seen in this place.
 G = Mean time per level.
                   A        B        C        D        E       F      G
               +--------+--------+--------+--------+--------+-----+--------+
         Total |   1333 |   1254 |     79 |    168 |    806 |   2 |  666.5 |
       Dungeon |   1333 |   1254 |     79 |    168 |    806 |   2 |  666.5 |
               +--------+--------+--------+--------+--------+-----+--------+

Top non-repeatable levels by time:
     D:1: 1206 daAuts
     D:2: 127 daAuts
